 Dungeon Crawl Stone Soup version 0.28-a0-1518-gbe868bca14 (webtiles) character file.

Game seed: 15239045024411250161

1 Pin the Insei (level 1, 15/15 HPs)
             Began as a Demonspawn Transmuter on Jan 14, 2022.
             Quit the game on level 1 of the Dungeon on Jan 17, 2022.
             The game lasted 00:01:19 (200 turns).

Pin the Insei (Demonspawn Transmuter)                Turns: 200, Time: 00:01:20

Health: 15/15      AC:  2    Str: 10    XL:     1   Next: 16%
Magic:  3/3        EV: 12    Int: 14    God:
Gold:   0          SH:  0    Dex: 13    Spells: 3/4 levels left

rFire   . . .      SeeInvis .     - Unarmed
rCold   . . .      Faith    .   (no shield)
rNeg    . . .      Spirit   .   a - +0 robe
rPois   .          Reflect  .   (no helmet)
rElec   .          Harm     .   (no cloak)
rCorr   .          Rampage  .   (no gloves)
Will    .....                   (no boots)
Stlth   +.........              (no amulet)
HPRegen 0.05/turn               (no ring)
MPRegen 0.08/turn               (no ring)

@: no status effects
A: no striking features
a: no special abilities


You were on level 1 of the Dungeon.
You visited 1 branch of the dungeon, and saw 1 of its levels.

Inventory:

Armour
 a - a +0 robe (worn)


   Skills:
 + Level 1.0 Fighting
 + Level 1.8 Dodging
 + Level 2.7 Unarmed Combat
 + Level 2.0 Spellcasting
 + Level 1.8 Transmutations


You had 3 spell levels left.
You knew the following spells:

 Your Spells              Type           Power      Damage    Failure   Level
a - Beastly Appendage     Tmut           12%        N/A       12%         1

Your spell library contained the following spells:

 Spells                   Type           Power      Damage    Failure   Level
 Wereblood                Tmut           6%         N/A       17%         2
 Spider Form              Tmut/Pois      3%         N/A       45%         3
 Ice Form                 Ice/Tmut       3%         N/A       86%         4


Dungeon Overview and Level Annotations

Branches:
Dungeon (1/15)

Altars:


Message History

Welcome, Pin the Demonspawn Transmuter.
You feel drawn to the Orb of Zot, downwards into the unfathomable depths...
Press ? for a list of commands and other information.
Found a staircase leading out of the dungeon.
An endoplasm comes into view.
The helpless endoplasm fails to defend itself.
You hit the endoplasm.
The endoplasm is lightly wounded.
The endoplasm hits you.
You hit the endoplasm.
The endoplasm is almost dead.
The endoplasm barely misses you.
You hit the endoplasm but do no damage.
The endoplasm is almost dead.
The endoplasm hits you.
You hit the endoplasm but do no damage.
The endoplasm is almost dead.
The endoplasm closely misses you.
You hit the endoplasm but do no damage.
The endoplasm is almost dead.
The endoplasm freezes you.
You are frozen.
You are too injured to fight recklessly!
You are too injured to fight recklessly!
You are too injured to fight recklessly!
You are too injured to fight recklessly!
You are too injured to fight recklessly!
You hit the endoplasm.
You kill the endoplasm!
You start resting.
HP restored.
Welcome back, Pin the Demonspawn Transmuter.
Press ? for a list of commands and other information.
No target in view!
Are you sure you want to abandon this character and quit the game? (Confirm with "yes".)

#...............#
##.########.#####
#. #.#...# #
#.#.#.# #...#.#
#####.# #.#
########.#
.......@.#
.#########


There were no monsters in sight!

Vanquished Creatures
  An endoplasm (D:1)
1 creature vanquished.

Notes
Turn   | Place    | Note
-------+----------+-------------------------------------------
     0 | D:1      | Pin the Demonspawn Transmuter began the quest for the Orb.
     0 | D:1      | Reached XP level 1. HP: 15/15 MP: 3/3
   200 | D:1      | Upgraded the game from 0.28-a0-1506-g3893175d92 to
                  | 0.28-a0-1518-gbe868bca14
   200 | D:1      | Quit the game

Illustrated notes

Levels and vault maps discovered:
D:1:      onia_arrival_mini_maze, layout_basic,
          hellmonk_ecumenical_altar_watching_god

Action                   || total
-------------------------++-------
Melee: Unarmed           ||     6
 Stab: Sleeping          ||     1
Dodge: Dodged            ||     2

Table legend: (Time is in decaauts)
 A = Elapsed time spent in this place.
 B = Non-inter-level travel time spent in this place.
 C = Inter-level travel time spent in this place.
 D = Time resting spent in this place.
 E = Time spent auto-exploring this place.
 F = Levels seen in this place.
 G = Mean time per level.
                   A        B        C        D        E       F      G
               +--------+--------+--------+--------+--------+-----+--------+
         Total |    200 |    200 |      0 |    169 |     19 |   1 |  200.0 |
       Dungeon |    200 |    200 |      0 |    169 |     19 |   1 |  200.0 |
               +--------+--------+--------+--------+--------+-----+--------+

Top non-repeatable levels by time:
     D:1: 200 daAuts
